Map: Vaani Research Station (Void)

Players

PSiArc - Winner!

  • Race: Terran Terran
  • League: Master
  • Spawn Location: 6:00

Kelazhur

  • Race: Terran Terran
  • League: Diamond
  • Spawn Location: 12:00

Event: WESG 2016 Finals

VOD

Have the link to the VOD?

Description

Time

  • Played on: Jan. 13, 2017, 1:38 a.m.
  • Length: 8:32

All games in this series

Show
View Real Time Build Order
Export as new Build Order

PSiArc Terran - Winner!

Build Orders: Reaper Expand, MMM Bio 

Get SALT Encoding   

  12  0:00  SCV  
  13  0:12  SCV  
  14  0:18  Supply Depot  
  14  0:25  SCV  
  15  0:29  Refinery  
  15  0:40  SCV  
  16  0:45  Barracks  
  16  0:52  SCV  
  17  1:04  SCV  
  18  1:16  SCV  
  19  1:32  Orbital Command, Reaper  
  20  1:47  Command Center  
  20  1:58  SCV  
  21  2:02  Factory  
  21  2:07  Barracks Reactor  
  21  2:10  SCV  
  21  2:14  Refinery  
  22  2:21  Supply Depot  
  22  2:22  SCV  
  23  2:43  SCV  
  23  2:44  Marine x2  
  24  2:48  Starport  
  24  2:49  Widow Mine  
  28  2:56  SCV  
  29  2:59  Orbital Command  
  29  3:02  Marine x2  
  31  3:18  SCV  
  32  3:20  Cyclone  
  32  3:21  Marine x2  
  37  3:28  SCV  
  37  3:33  Medivac  
  39  3:36  SCV  
  39  3:39  Marine x2  
  41  3:47  SCV  
  41  3:54  Engineering Bay, SCV  
  41  3:59  SCV  
  41  4:02  Marine  
  41  4:03  Factory Tech Lab  
  41  4:05  Viking  
  45  4:11  Supply Depot, SCV  
  46  4:17  SCV  
  46  4:19  Barracks  
  46  4:22  Missile Turret  
  46  4:26  Missile Turret  
  42  4:42  Marine x2  
  42  4:43  SCV  
  45  4:51  Siege Tank, SCV  
  45  4:52  Starport Reactor  
  49  5:05  SCV  
  49  5:06  Marine x2  
  49  5:07  Barracks Tech Lab, SCV  
  50  5:16  Terran Infantry Weapons Level 1  
  50  5:17  SCV  
  50  5:18  Barracks  
  51  5:23  SCV  
  51  5:25  Supply Depot  
  52  5:34  Stimpack  
  52  5:37  SCV x2  
  54  5:46  Siege Tank, Marine x3  
  54  5:47  Supply Depot  
  60  5:51  SCV  
  60  5:54  SCV  
  62  6:01  Refinery  
  62  6:02  Refinery  
  62  6:05  Barracks Tech Lab  
  62  6:08  Supply Depot  
  62  6:09  Medivac, SCV x2  
  64  6:21  SCV x2  
  64  6:23  Marine x3  
  64  6:24  Combat Shields  
  69  6:25  Supply Depot  
  69  6:31  Marine  
  70  6:33  SCV x2  
  70  6:34  Supply Depot  
  68  6:41  Marine  
  68  6:43  Marine  
  68  6:44  Marine  
  68  6:45  Medivac x2, SCV  
  76  6:49  SCV  
  76  6:51  Supply Depot  
  76  6:53  Marine  
  78  6:57  Siege Tank, SCV  
  78  6:58  Marine  
  83  7:01  Marine x2  
  83  7:02  Supply Depot, SCV  
  86  7:09  SCV  
  87  7:15  Command Center  
  87  7:16  Marine x2  
  87  7:19  Marine  
  87  7:22  Marine  
  91  7:23  SCV x2  
  91  7:29  Supply Depot  
  93  7:35  SCV  
  94  7:42  Marine x2  
  94  7:43  Marine  
  97  7:45  SCV  
  98  7:53  Marine  
  98  7:55  Siege Tank  
  102  8:00  Marine x2  
  102  8:02  Barracks, SCV x2  
  102  8:04  Barracks  
  102  8:05  Factory  
  105  8:13  Marine  
  105  8:14  Marine  
Show
View Real Time Build Order
Export as new Build Order

Kelazhur Terran 

Build Orders: 1/1/1, Cyclone Opening 

Get SALT Encoding   

  12  0:00  SCV  
  13  0:13  SCV  
  14  0:17  Supply Depot  
  14  0:25  SCV  
  15  0:30  Refinery  
  15  0:39  SCV  
  16  0:45  Barracks  
  16  0:51  SCV  
  17  1:02  Refinery  
  17  1:03  SCV  
  18  1:15  SCV  
  19  1:32  Orbital Command  
  19  1:33  Factory  
  19  1:40  Reaper  
  20  1:47  Supply Depot  
  20  1:58  SCV  
  21  2:10  SCV  
  21  2:12  Reaper  
  23  2:19  Starport  
  23  2:22  SCV  
  24  2:23  Cyclone  
  24  2:29  Supply Depot  
  27  2:34  SCV  
  28  2:44  Barracks Tech Lab  
  28  2:47  SCV  
  29  2:55  Hellion  
  29  2:57  Supply Depot  
  31  3:00  SCV  
  32  3:06  Banshee  
  32  3:08  Cloaking Field  
  35  3:17  SCV  
  35  3:18  Barracks Reactor  
  36  3:26  Widow Mine  
  34  3:52  Banshee  
  34  3:54  Marine x2, SCV  
  38  4:03  Factory Tech Lab  
  38  4:06  SCV  
  38  4:07  Command Center  
  39  4:15  Marine  
  39  4:16  Marine  
  41  4:19  SCV  
  41  4:21  Supply Depot  
  42  4:27  Siege Tank  
  45  4:35  Marine  
  45  4:36  Marine  
  44  4:41  Banshee  
  47  4:46  SCV  
  41  4:55  Marine x2  
  41  4:58  SCV  
  41  4:59  Siege Tank  
  41  5:10  SCV  
  41  5:13  Marine x2  
  39  5:22  SCV  
  40  5:28  Orbital Command  
  40  5:34  SCV  
  39  5:46  Marine  
  39  5:47  Stimpack, SCV  
  41  5:54  Barracks  
  41  5:55  Barracks, Starport Reactor  
  41  5:59  SCV  
  41  6:02  SCV  
  43  6:07  Marine  
  45  6:11  SCV  
  45  6:14  SCV  
  46  6:23  SCV  
  44  6:25  Marine  
  44  6:26  Siege Tank, SCV  
  49  6:35  SCV  
  49  6:39  SCV  
  49  6:40  Starport Reactor  
  49  6:44  Marine x3  
  52  6:47  SCV  
  52  6:50  Marine x2  
  55  6:54  SCV  
  55  6:58  Supply Depot  
  55  6:59  SCV  
  60  7:01  Siege Tank  
  60  7:02  Marine x3  
  60  7:06  SCV  
  64  7:13  Marine  
  64  7:14  Marine  
  65  7:23  SCV  
  65  7:25  Marine x3  
  65  7:28  Supply Depot  
  65  7:29  SCV  
  70  7:30  Medivac  
  70  7:33  Medivac  
  70  7:35  SCV  
  75  7:38  Marine x2  
  75  7:43  Marine  
  77  7:47  Marine  
  77  7:49  Marine, SCV  
  80  7:55  Supply Depot  
  80  7:57  Marine x2  
  82  8:01  Marine  
  84  8:07  Marine  
  84  8:11  Marine  
  85  8:17  SCV  
Tags
 
Add a new tag
Caveats
  • Supply blocks, unpowered buildings, or Contaminate may cause inaccurate times.
  • Supply counts are checked every 10 seconds.